 Dungeon Crawl Stone Soup version 0.31-a0-202-g547052bce9 (webtiles) character file.

Game seed: 1951120027278529760

74 qw the Shooter (level 4, -7/25 HPs)
             Began as a Deep Elf Hunter on June 26, 2023.
             Mangled by a gnoll
             ... wielding a +0 halberd
              (11 damage)
             ... on level 2 of the Dungeon.
             The game lasted 00:00:24 (587 turns).

qw the Shooter (Deep Elf Hunter)                     Turns: 587, Time: 00:00:24

Health: -7/25      AC:  6    Str: 10    XL:     4   Next: 9%
Magic:  6/6        EV: 11    Int: 14    God:
Gold:   30         SH:  0    Dex: 18    Spells: 3/3 levels left

rFire   . . .        Y - +1 shortbow
rCold   . . .        (shield currently unavailable)
rNeg    . . .        i - +0 ring mail
rPois   .            (no helmet)
rElec   .            g - +0 cloak
rCorr   .            (no gloves)
SInv    .            (no boots)
Will    .....        (no amulet)
Stlth   +            (no ring)
HPRegen 0.24/turn    (no ring)
MPRegen 0.10/turn

%: no passive effects
@: no status effects
A: no striking features
a: no special abilities


You were on level 2 of the Dungeon.
You visited 1 branch of the dungeon, and saw 2 of its levels.

You collected 30 gold pieces.


   Skills:
 - Level 1.5 Fighting
 + Level 7.5 Ranged Weapons
 - Level 2.4 Dodging
 - Level 1.2 Stealth


You had 3 spell levels left.
You didn't know any spells.
Your spell library was empty.

Inventory:

Hand Weapons
 Y - a +1 shortbow (weapon)
Armour
 c - a +0 pair of boots
 g - a +0 cloak (worn)
 i - a +0 ring mail (worn)
Scrolls
 a - a scroll of identify {unknown}
 b - a scroll of immolation {unknown}
 h - a scroll of fog {unknown}
 j - a scroll of teleportation {unknown}
Potions
 d - a potion of attraction {unknown}
 e - a potion of curing {unknown}
 f - a potion of brilliance {unknown}

Dungeon Overview and Level Annotations

Branches:
Dungeon (2/15)

Altars:


Message History

You shoot an arrow.
The arrow hits the gnoll but does no damage.
The gnoll is moderately wounded.
You shoot an arrow. The arrow hits the gnoll!
The gnoll is almost dead.
The giant cockroach barely misses you.
A gnoll comes into view. It is wielding a +2 heavy spear.
The endoplasm freezes you.
You are frozen.
The gnoll misses you.
You shoot an arrow. The arrow closely misses the gnoll.
The gnoll shouts!
The giant cockroach barely misses you. The endoplasm freezes you.
You are frozen.
The giant cockroach bites you but does no damage.
You shoot an arrow. The arrow hits the gnoll.
You kill the gnoll!
The gnoll closely misses you. The endoplasm hits you.
The giant cockroach bites you but does no damage.
You have reached level 4!
You feel clever.
You shoot an arrow. The arrow hits the giant cockroach.
You kill the giant cockroach!
The gnoll hits you from afar with a +0 halberd.
The endoplasm freezes you.
You are frozen.
The gnoll misses you. The endoplasm freezes you.
You are frozen.
You shoot an arrow. The arrow hits the endoplasm!
You kill the endoplasm!
The gnoll hits you from afar with a +0 halberd.
You shoot an arrow. The arrow hits the gnoll.
The gnoll is moderately wounded.
The gnoll hits you from afar with a +0 halberd.
The gnoll closely misses you.
You shoot an arrow. The arrow barely misses the gnoll.
The gnoll barely misses you. The gnoll completely misses you.
You shoot an arrow. The arrow hits the gnoll.
The gnoll is severely wounded.
The gnoll hits you from afar with a +0 halberd!
You die...

#############
##.....#%...$##
##......@.g....#
#########.......).g.)...
.......>................
#########...............
#########..........$....
..............[.........
#######..#.............#
..#####..##...).#.....##
.).......#######.


You could see 2 gnolls.

Vanquished Creatures
  Terence (D:2)
  A gnoll (D:2)
  3 dart slugs
  3 ball pythons (D:1)
  2 bats
  7 endoplasms
  A giant cockroach (D:2)
  2 goblins (D:1)
  2 hobgoblins (D:1)
  2 jackals (D:1)
  A quokka (D:1)
  2 frilled lizards (D:1)
  5 kobolds
  A rat (D:2)
  A spectral hobgoblin (D:1)
34 creatures vanquished.

Notes
Turn   | Place    | Note
-------+----------+-------------------------------------------
     0 | D:1      | qw the Deep Elf Hunter began the quest for the Orb.
     0 | D:1      | Reached XP level 1. HP: 12/12 MP: 3/3
     0 | D:1      | 0 ||| qw: Version: 0.3-a-22-g0ed2b0b
     0 | D:1      | 0 ||| qw: Game counter: 5804
     0 | D:1      | 0 ||| qw: Melee chars always use a shield: true
     0 | D:1      | 0 ||| qw: God list: Okawaru
     0 | D:1      | 0 ||| qw: Allow faded altars: false
     0 | D:1      | 0 ||| qw: Do Orc after clearing Dungeon:15 true
     0 | D:1      | 0 ||| qw: Do second Lair branch before Depths: true
     0 | D:1      | 0 ||| qw: Lair rune preference: random
     0 | D:1      | 0 ||| qw: Goals: Normal
     0 | D:1      | 0 ||| PLANNING D:1-11
   142 | D:1      | Reached XP level 2. HP: 16/16 MP: 4/4
   147 | D:1      | Reached skill level 6 in Ranged Weapons
   177 | D:1      | Found a faded altar of an unknown god.
   372 | D:1      | Reached XP level 3. HP: 20/20 MP: 5/5
   384 | D:1      | 384 ||| UPGRADING to +0 cloak.
   389 | D:1      | 389 ||| UPGRADING to +0 ring mail.
   399 | D:1      | 399 ||| DROPPING +0 leather armour.
   400 | D:1      | 400 ||| READING scroll labelled KUDU DEQOA.
   401 | D:1      | 401 ||| DROPPING scroll of butterflies.
   439 | D:2      | Noticed Terence
   448 | D:2      | Killed Terence
   449 | D:2      | Reached skill level 7 in Ranged Weapons
   583 | D:2      | Reached XP level 4. HP: 19/25 MP: 6/6
   585 | D:2      | HP: 3/25 [gnoll/+0 halberd (6)]
   587 | D:2      | Mangled by a gnoll

Levels and vault maps discovered:
D:1:      lemuel_arrival_room, layout_rooms,
          dreamdust_ecumenical_altar_drowned_temple
D:2:      layout_rooms, uniq_crazy_yiuf_cottage, uniq_terence

Skill      XL: |  1  2  3 |
---------------+----------+-----
Ranged Weapons | 6 7 |  7.5
Fighting       | |  1.5
Dodging        | |  2.4
Stealth        | |  1.2

Action                     |  1- 3 |  4- 6 || total
---------------------------+-------+-------++-------
   Fire: Shortbow          |    97 |     5 ||   102
    Use: Scroll            |     1 |       ||     1
 Armour: Leather armour    |     4 |       ||     4
         Ring mail         |     3 |       ||     3
  Dodge: Dodged            |    22 |     4 ||    26

Table legend:
 A = Non-vault XP
 B = Vault XP
 C = Vault XP percentage of total XP
 D = Non-vault monster count
 E = Vault monster count
 F = Vault count percentage of total count
                 A         B        C        D         E       F
            +---------+---------+-------+---------+---------+-------
      Total |      73 |      33 |  31.1 |      32 |       2 |   5.9
            +---------+---------+-------+---------+---------+-------
        D:1 |      42 |       1 |   2.3 |      22 |       1 |   4.3
        D:2 |      31 |      32 |  50.8 |      10 |       1 |   9.1
            +---------+---------+-------+---------+---------+-------
